 Dungeon Crawl Stone Soup version 0.21-a0-401-g0b6bec4 (webtiles) character file.

84662 graki42 the Eclecticist (level 15, -10/75 HPs)
             Began as a Deep Elf Fire Elementalist on Oct 21, 2017.
             Was a High Priest of Vehumet.
             Killed from afar by Aizul (15 damage)
             ... with a bolt of poison
             ... on level 2 of the Snake Pit.
             The game lasted 01:58:48 (30561 turns).

graki42 the Eclecticist (DEFE)                     Turns: 30561, Time: 01:58:48

Health: -10/75     AC: 10    Str:  8    XL:     15   Next: 35%
Magic:  6/39       EV: 14    Int: 24    God:    Vehumet [*****.]
Gold:   2213       SH:  3    Dex: 15    Spells: 21/50 levels left

rFire    + . .     SeeInvis .   m - staff of fire
rCold    + . .     Gourm    +   r - +0 buckler {rN+}
rNeg     + . .     Faith    .   C - +3 leather armour {rPois}
rPois    +         Spirit   .   d - +0 helmet
rElec    .         Reflect  .   O - +0 cloak
rCorr    .         Harm     .   a - +0 pair of gloves
MR       +....                  (no boots)
Stlth    ++++......             y - amulet of the gourmand
HPRegen  0.22/turn              U - ring of protection from cold
MPRegen  0.26/turn              u - ring of stealth

@: very slightly contaminated, hasted, invisible, very quick
A: no striking features
a: Renounce Religion


You were on level 2 of the Snake Pit.
You worshipped Vehumet.
Vehumet was extremely pleased with you.
You were full.

You visited 4 branches of the dungeon, and saw 21 of its levels.

You collected 2807 gold pieces.
You spent 594 gold pieces at shops.

Inventory:

Missiles
 i - 424 stones (quivered)
Armour
 a - a +0 pair of gloves (worn)
 d - a +0 helmet (worn)
 r - a +0 buckler of positive energy (worn)
 C - a +3 leather armour of poison resistance (worn)
 F - a +0 leather armour of cold resistance
 L - a +2 robe of magic resistance
 O - a +0 cloak (worn)
Magical Staves
 m - an uncursed staff of fire (weapon)
Jewellery
 h - a cursed -3 ring of dexterity {unknown}
 j - a +5 ring of strength {unknown}
 u - a ring of stealth (right hand)
 y - an amulet of the gourmand (around neck)
 z - an uncursed ring of protection from cold
 U - a ring of protection from cold (left hand)
Wands
 b - a wand of polymorph (15/24)
 n - a wand of random effects (23/48)
 K - a wand of iceblast (15/15)
Scrolls
 g - a scroll of enchant armour
 k - 3 scrolls of remove curse
 o - 2 scrolls of blinking
 q - 3 scrolls of fog
 J - a scroll of immolation
Potions
 e - 5 potions of curing
 l - 3 potions of heal wounds
 w - 4 potions of haste
 D - 2 potions of resistance
 M - 2 potions of flight
Books
 v - a book of Geomancy

   Spells                             Type                      Level
   a - Sandblast                      Earth                        1
   b - Passwall                       Transmutation/Earth          2
   c - Stone Arrow                    Conjuration/Earth            3
   d - Petrify                        Transmutation/Earth          4
   e - Lee's Rapid Deconstruction     Earth                        5
Comestibles
 c - 18 bread rations
 f - 15 meat rations
 s - 16 royal jellies
 x - 14 fruits


   Skills:
 + Level 1.8 Fighting
 + Level 4.5 Armour
 + Level 6.6 Dodging
 + Level 5.0 Stealth
 + Level 0.2 Shields
 + Level 18.2 Spellcasting
 + Level 14.3 Conjurations
 + Level 4.5 Hexes
 + Level 14.4 Fire Magic
 + Level 11.5 Earth Magic


You had 21 spell levels left.
You knew the following spells:

 Your Spells              Type           Power        Failure   Level  Hunger
a - Flame Tongue          Conj/Fire      #####        0%          1    None
b - Conjure Flame         Conj/Fire      #######.     1%          3    None
c - Inner Flame           Hex/Fire       #######.     1%          3    None
d - Sticky Flame          Conj/Fire      #######.     1%          4    None
e - Fireball              Conj/Fire      #######...   1%          5    None
f - Sandblast             Erth           ######       1%          1    None
g - Iron Shot             Conj/Erth      ######....   1%          6    ###....
h - Bolt of Fire          Conj/Fire      #######...   1%          6    ###....


Dungeon Overview and Level Annotations

Branches:
Dungeon (11/15)            Temple (0/1) D:4            Lair (6/6) D:10
 Shoals (0/4) Lair:4        Snake (2/4) Lair:3        Slime (0/5) Lair:6
    Orc (2/2) D:11            Elf (0/3) Orc:2

Altars:
Ashenzari
Cheibriados
Fedhas
Gozag
Hepliaklqana
Makhleb
Qazlal
Sif Muna
Trog
Vehumet
Xom
Beogh
Jiyva

Shops:
D:4 *   D:8 (   D:10 *   Orc:2 ?([?   Snake:1 [

Annotations:
Snake:2 Aizul, Asterion


Message History

As you read the scroll of fear, it crumbles to dust.
You assume a fearsome visage.
Aizul resists with some effort.
Aizul says, "Sweet dreams!"
Aizul hits you.
* * * LOW HITPOINT WARNING * * *
Blink to where?
Press: ? - help, Dir - move target cursor, p - Aizul
As you read the scroll of blinking, it crumbles to dust.
Aizul hisses menacingly.
You see here a short sword.
Aizul coils herself and waves her upper body at you.
You fall asleep.
Aizul yawns, and then pretends she didn't.
Aizul coils herself and waves her upper body at you.
The bolt of poison hits you! You resist.
You wake up.
* * * LOW HITPOINT WARNING * * *
Unknown command.
Aizul casts a spell at you. The bolt of poison hits you! You resist.
You die...

#..# #..## #..# #..##
#..# #...# ###..## #...#
###.....## #...#
##........###.^.#########
....#.............(...).#
.#####......S...).)....#
## #.......#..@.<.).## #
##.....###...[...## .
##.....# ###......# .#
#.....## ##.....#
.#####.....# #.....#
..........## #(...##
.........# #....#
..........# ##....#
.######...# ##....##


You could see Aizul.

Vanquished Creatures
  Saint Roka (Orc:2)
  A nagaraja (Snake:1)
  An orc warlord (Orc:2)
  A fire dragon (Lair:6)
  5 slime creatures
  6 hydras
  Erolcha (D:9)
  2 catoblepae
  A naga warrior (Snake:1)
  5 anacondas
  4 two-headed ogres
  6 death yaks (Lair:6)
  3 orc high priests (Orc:2)
  3 shock serpents
  6 naga sharpshooters
  A salamander mystic (Snake:2)
  An unseen horror (D:11)
  A swamp dragon (Lair:6)
  2 naga ritualists (Snake:2)
  Pikel (D:8)
  A lindwurm (Lair:6)
  3 mana vipers
  3 orc sorcerers (Orc:2)
  A cyclops (Orc:2)
  2 manticores (Lair:6)
  5 oklob plants
  6 salamanders
  A merfolk siren (Lair:4)
  A guardian serpent (Snake:2)
  17 black mambas
  6 naga magi
  A kobold demonologist (D:11)
  10 spiny frogs
  7 komodo dragons
  5 rime drakes
  A queen bee (D:10)
  4 trolls (Orc:2)
  A polar bear (Lair:3)
  Prince Ribbit (D:6)
  5 blink frogs (Lair:6)
  A meliai zombie (D:11)
  6 dream sheep (Lair:6)
  6 hippogriffs
  3 wyverns
  A wraith (D:10)
  19 yaks
  Eustachio (D:5)
  7 basilisks
  A steam dragon (Lair:6)
  3 hungry ghosts
  Menkaure (D:6)
  2 wargs
  5 acid dragons (Lair:6)
  25 nagas
  14 water moccasins
  8 porcupines
  2 slaves (D:8)
  36 orc warriors
  An ice beast (D:6)
  A sky beast (D:11)
  7 ogres
  6 necrophages
  8 wolves
  20 crocodiles
  2 big kobolds
  10 bullfrogs
  A wyvern zombie (D:11)
  A wyvern skeleton (D:7)
  5 scorpions
  30 killer bees
  An electric eel (Lair:4)
  5 wights (D:7)
  7 howler monkeys
  4 crimson imps
  A bullfrog zombie (D:7)
  A quasit (D:11)
  8 hounds
  A jelly (D:5)
  7 orc priests
  4 bullfrog skeletons
  6 iguanas
  Ijyb (D:4)
  Natasha (D:4)
  22 orc wizards
  9 worker ants
  2 hound zombies
  2 worker ant zombies
  3 gnolls (D:9)
  13 adders
  2 shadow imps
  2 oozes (D:3)
  An adder zombie (D:8)
  An adder skeleton (D:3)
  A worm (D:3)
  2 dart slugs (D:1)
  2 leopard geckos
  88 orcs
  11 bats
  8 giant cockroaches
  4 goblins
  7 hobgoblins
  15 jackals
  3 quokkas
  2 frilled lizards
  A jackal skeleton (D:7)
  16 kobolds
  A leopard gecko zombie (D:6)
  5 rats
  3 bushes
  2 fungi (Lair:1)
  14 plants
655 creatures vanquished.

Vanquished Creatures (others)
  A slave (D:8)
  2 jackals (D:8)
  A bush (Lair:6)
  13 fungi
  23 plants
40 creatures vanquished.

Grand Total: 695 creatures vanquished

Notes
Turn   | Place    | Note
-------+----------+-------------------------------------------
     0 | D:1      | graki42 the Deep Elf Fire Elementalist began the quest for the Orb.
     0 | D:1      | Reached XP level 1. HP: 10/10 MP: 6/6
   305 | D:1      | Reached XP level 2. HP: 15/15 MP: 6/8
   925 | D:2      | Reached XP level 3. HP: 19/19 MP: 6/9
   941 | D:2      | Learned a level 3 spell: Conjure Flame
   945 | D:2      | Learned a level 3 spell: Inner Flame
  1322 | D:2      | Found a faded altar of an unknown god.
  1616 | D:3      | Found a transporter.
  1745 | D:3      | Reached XP level 4. HP: 24/24 MP: 6/11
  1760 | D:3      | Found a shattered altar of Ashenzari.
  1853 | D:3      | Reached skill level 4 in Spellcasting
  1977 | D:3      | Found a radiant altar of Vehumet.
  1977 | D:3      | Found a shattered altar of Ashenzari.
  1981 | D:3      | Became a worshipper of Vehumet
  2106 | D:3      | Found a shimmering altar of Xom.
  2131 | D:3      | Reached XP level 5. HP: 21/28 MP: 3/13
  2210 | D:3      | Learned a level 4 spell: Sticky Flame
  2305 | D:3      | Found a stormy altar of Qazlal.
  2326 | D:3      | Found a transporter.
  2705 | D:3      | Found an opulent altar of Gozag.
  2705 | D:3      | Found a snail-covered altar of Cheibriados.
  3096 | D:4      | Found Zocetso's Elemental Accessories.
  3107 | D:4      | Reached skill level 5 in Spellcasting
  3107 | D:4      | Reached skill level 5 in Fire Magic
  3227 | D:4      | Found a staircase to the Ecumenical Temple.
  3329 | D:4      | Noticed Natasha
  3334 | D:4      | Killed Natasha
  3334 | D:4      | Reached XP level 6. HP: 20/32 MP: 8/15
  3383 | D:4      | Noticed Ijyb
  3395 | D:4      | Killed Ijyb
  3532 | D:4      | Noticed Eustachio
  3538 | D:5      | Entered Level 5 of the Dungeon
  3616 | D:5      | Killed Eustachio
  3616 | D:5      | Reached skill level 6 in Spellcasting
  3842 | D:3      | Reached XP level 7. HP: 16/36 MP: 4/18
  3843 | D:3      | Reached * piety under Vehumet
  3843 | D:3      | Offered knowledge of Sandblast by Vehumet.
  3850 | D:3      | Learned a level 5 spell: Fireball
  3852 | D:3      | Learned a level 1 spell: Sandblast
  4587 | D:5      | Found a bloodstained altar of Trog.
  5118 | D:6      | Noticed Menkaure
  5124 | D:6      | Killed Menkaure
  5124 | D:6      | Reached skill level 7 in Spellcasting
  5124 | D:6      | Reached skill level 1 in Hexes
  5306 | D:6      | Reached XP level 8. HP: 38/41 MP: 4/21
  5419 | D:6      | Found a deep blue altar of Sif Muna.
  5541 | D:6      | Noticed Prince Ribbit
  5546 | D:6      | Killed Prince Ribbit
  5546 | D:6      | Reached skill level 1 in Armour
  5546 | D:6      | Reached skill level 8 in Spellcasting
  5546 | D:6      | Reached skill level 5 in Conjurations
  5983 | D:6      | Offered knowledge of Shock by Vehumet.
  6043 | D:6      | Reached ** piety under Vehumet
  6427 | D:7      | Reached skill level 9 in Spellcasting
  6532 | D:7      | Noticed a hippogriff
  6536 | D:7      | Killed a hippogriff
  6536 | D:7      | Reached XP level 9. HP: 31/45 MP: 15/24
  6804 | D:7      | Reached skill level 1 in Earth Magic
  6837 | D:7      | Reached skill level 10 in Spellcasting
  7684 | D:8      | Noticed a two-headed ogre
  7694 | D:8      | Killed a two-headed ogre
  7717 | D:8      | Offered knowledge of Stone Arrow by Vehumet.
  7937 | D:8      | Noticed Pikel
  7951 | D:8      | Killed Pikel
  7951 | D:8      | Reached XP level 10. HP: 50/50 MP: 8/26
  8160 | D:8      | Reached skill level 11 in Spellcasting
  8176 | D:8      | Found Guciogeo's Weapon Emporium.
  8272 | D:8      | Noticed a two-headed ogre
  8278 | D:8      | Reached *** piety under Vehumet
  8278 | D:8      | Killed a two-headed ogre
  8554 | D:8      | Noticed a two-headed ogre
  8558 | D:8      | Killed a two-headed ogre
  8694 | D:8      | Found a burning altar of Makhleb.
  8695 | D:8      | Found a hazy altar of Hepliaklqana.
  9215 | D:9      | Noticed Erolcha
  9233 | D:9      | Killed Erolcha
  9233 | D:9      | Reached skill level 12 in Spellcasting
  9233 | D:9      | Reached skill level 5 in Earth Magic
  9307 | D:9      | Offered knowledge of Iskenderun's Mystic Blast by Vehumet.
  9712 | D:10     | Entered Level 10 of the Dungeon
  9967 | D:10     | Reached XP level 11. HP: 44/55 MP: 19/29
 10128 | D:10     | Reached **** piety under Vehumet
 10431 | D:10     | Found a staircase to the Lair.
 10431 | D:10     | Found Uca Lufa's Assorted Antiques.
 10434 | D:10     | Bought a scroll labeled CORHEWNA ZAARU for 32 gold pieces
 10434 | D:10     | Bought a scroll labeled RAPAWUP RIUH for 32 gold pieces
 10434 | D:10     | Bought a bubbling orange potion for 28 gold pieces
 10434 | D:10     | Bought a scroll labeled JESUSUOHADI for 32 gold pieces
 10434 | D:10     | Bought a scroll labeled QIUMAIXKEZ for 32 gold pieces
 10434 | D:10     | Bought a scroll labeled RAPAWUP RIUH for 32 gold pieces
 10434 | D:10     | Bought a scroll labeled CORHEWNA ZAARU for 32 gold pieces
 10446 | Lair:1   | Entered Level 1 of the Lair of Beasts
 10679 | D:10     | Offered knowledge of Force Lance by Vehumet.
 11113 | D:11     | Found a staircase to the Orcish Mines.
 11113 | D:11     | Found a shimmering altar of Xom.
 11113 | D:11     | Noticed a two-headed ogre
 11122 | D:10     | Killed a two-headed ogre
 11122 | D:10     | Reached skill level 5 in Dodging
 11122 | D:10     | Reached skill level 10 in Fire Magic
 11307 | Lair:1   | Reached skill level 13 in Spellcasting
 11569 | Lair:1   | Got a slimy war axe
 11589 | Lair:1   | Reached skill level 1 in Fighting
 11615 | Lair:1   | Noticed an oklob plant
 11615 | Lair:1   | Noticed an oklob plant
 11620 | Lair:1   | Noticed a six-headed hydra
 11624 | Lair:1   | Killed an oklob plant
 11625 | Lair:1   | Killed a six-headed hydra
 11627 | Lair:1   | Noticed an oklob plant
 11767 | Lair:1   | Killed an oklob plant
 11964 | Lair:1   | Killed an oklob plant
 12425 | Lair:2   | Noticed a five-headed hydra
 12808 | Lair:2   | Killed a five-headed hydra
 12808 | Lair:2   | Reached XP level 12. HP: 61/61 MP: 16/31
 12967 | Lair:2   | Reached skill level 14 in Spellcasting
 13299 | Lair:2   | Found a blossoming altar of Fedhas.
 13558 | Lair:2   | Reached skill level 10 in Conjurations
 14404 | Lair:3   | Got a steaming flail
 14648 | Lair:3   | Found a staircase to the Snake Pit.
 14767 | Lair:3   | Noticed a seven-headed hydra
 14789 | Lair:3   | Killed a seven-headed hydra
 15441 | Lair:4   | Identified a scroll of acquirement
 15539 | Lair:1   | Identified the +7 war axe "Ecziu" {venom, Str+7} (You found it on level 1 of the Lair of Beasts)
 15540 | Lair:1   | Identified the cursed +0 flail of Dodixud {protect, Str+4 Int+4} (You found it on level 3 of the Lair of Beasts)
 15666 | Lair:4   | Noticed a seven-headed hydra
 15669 | Lair:4   | Killed a seven-headed hydra
 16136 | Lair:4   | Found a staircase to the Shoals.
 16580 | Lair:5   | Reached ***** piety under Vehumet
 16651 | Lair:5   | Offered knowledge of Lightning Bolt by Vehumet.
 16913 | Lair:5   | Noticed a catoblepas
 16920 | Lair:5   | Killed a catoblepas
 16920 | Lair:5   | Reached skill level 15 in Spellcasting
 17368 | Lair:6   | Entered Level 6 of the Lair of Beasts
 17802 | Lair:6   | Noticed a death yak
 17802 | Lair:6   | Reached XP level 13. HP: 65/65 MP: 25/34
 17905 | Lair:6   | Found a viscous altar of Jiyva.
 17905 | Lair:6   | Found a staircase to the Slime Pits.
 19853 | Lair:6   | Noticed a fire dragon
 19924 | Lair:6   | Reached skill level 10 in Earth Magic
 20196 | Lair:1   | Learned a level 6 spell: Iron Shot
 20469 | Lair:6   | Reached skill level 16 in Spellcasting
 20784 | Lair:6   | Got a crystal spear
 21093 | Lair:6   | Killed a fire dragon
 21491 | Lair:1   | Identified the +7 spear of Jeith {pierce, Str+3} (You found it on level 6 of the Lair of Beasts)
 21555 | D:11     | Reached XP level 14. HP: 53/70 MP: 19/36
 22419 | D:11     | Offered knowledge of Bolt of Fire by Vehumet.
 22427 | D:11     | Learned a level 6 spell: Bolt of Fire
 22700 | Orc:1    | Entered Level 1 of the Orcish Mines
 23101 | Orc:2    | Entered Level 2 of the Orcish Mines
 23433 | Orc:2    | Found a staircase to the Elven Halls.
 23569 | Orc:2    | Found a roughly hewn altar of Beogh.
 23569 | Orc:2    | Found Jero's Magic Scroll Boutique.
 23619 | Orc:2    | Bought a scroll of amnesia for 56 gold pieces
 23619 | Orc:2    | Bought a scroll of amnesia for 56 gold pieces
 23775 | Orc:2    | Noticed Saint Roka
 24348 | Orc:2    | Found a roughly hewn altar of Beogh.
 24684 | Orc:2    | Found a roughly hewn altar of Beogh.
 24757 | Orc:2    | Found Afrar's Magic Scroll Boutique.
 25316 | Orc:2    | Noticed an orc warlord
 25332 | Orc:2    | Killed an orc warlord
 25754 | Orc:2    | Killed Saint Roka
 25754 | Orc:2    | Reached skill level 17 in Spellcasting
 26024 | Orc:2    | Found Olagh's Antique Weapon Boutique.
 26025 | Orc:2    | Found a roughly hewn altar of Beogh.
 26030 | Orc:2    | Found Ajagh's Antique Armour Shop.
 26045 | Orc:2    | Bought a shiny buckler for 262 gold pieces
 26207 | Orc:2    | Found a roughly hewn altar of Beogh.
 26629 | Snake:1  | Entered Level 1 of the Snake Pit
 26710 | Snake:1  | Noticed a nagaraja
 26715 | Snake:1  | Killed a nagaraja
 26715 | Snake:1  | Offered knowledge of Freezing Cloud by Vehumet.
 27564 | Snake:1  | Reached skill level 5 in Stealth
 28091 | Snake:1  | Reached XP level 15. HP: 74/74 MP: 19/38
 28316 | Snake:1  | Found Umpad's Armour Shoppe.
 29901 | Snake:2  | Reached skill level 18 in Spellcasting
 30156 | Snake:2  | Noticed Asterion
 30519 | Snake:2  | Noticed Aizul
 30561 | Snake:2  | Killed from afar by Aizul

Vault maps used:
D:1:      evilmike_arrival_grusome_pit
D:2:      chequers_ecumenical_altar_simple, first_bread
D:3:      gammafunk_temple_overflow_arena, gammafunk_temple_overflow_elements,
          overflow_temple_1_default, gammafunk_temple_overflow_wave,
          ashenzari_altar_1
D:4:      minmay_temple_entry_junction, st_stairs_9, nicolae_elemental_shop,
          uniq_natasha, uniq_eustachio, uniq_ijyb
D:5:      chequers_big_river, trog_book
D:6:      kennysheep_orc_sif_temple, uniq_prince_ribbit1, uniq_menkaure
D:8:      nicolae_overflow_hidden_temple, serial_shops, shop, uniq_pikel
D:9:      uniq_erolcha
D:10:     lair_entry_dummy, serial_shops, shop
D:11:     orc_0_dummy, xom_teletrap_fun
Lair:1:   grunt_megastairs_3, minmay_lair_oklob_chamber
Lair:2:   tgw_fedhas, grunt_megastairs_4
Lair:3:   minmay_snake_entry_guardpost_small, minivault_25
Lair:4:   elwin_shoals_entry_rooms, grunt_megastairs_5, serial_bayou_shore_a
Lair:5:   roderic_carrion_pond, infiniplex_staircase_pool_2
Lair:6:   hangedman_lair_in_review, guppyfry_lair_end_dragon, slime_altar_1,
          serial_bayou_pond_e
Snake:1:  serial_shops, nicolae_shop_temple_entry_statues_fountains
Snake:2:  uniq_aizul, uniq_asterion
Orc:1:    nicolae_orc_rich_vein
Orc:2:    grunt_orc_community_town_hall, grunt_orc_community_big_house_1,
          grunt_orc_community_big_house_1, grunt_orc_community_house_1,
          grunt_orc_community_house_1, grunt_orc_community_house_1,
          grunt_orc_community_house_3, mines_bat_river, uniq_saint_roka

Skill      XL: |  1  2  3  4  5  6  7  8  9 10 11 12 13 14 15 |
---------------+----------------------------------------------+-----
Fire Magic     | 4 5 7 8 9 10 12 13 14 | 14.4
Dodging        | 3 4 5 6 |  6.6
Spellcasting   | 4 5 6 7 9 10 12 13 15 16 17 18 | 18.2
Conjurations   | 2 3 4 6 7 8 9 11 12 14 | 14.3
Stealth        | 3 4 5 |  5.0
Hexes          | 1 3 4 |  4.5
Armour         | 2 3 4 |  4.5
Earth Magic    | 3 5 7 9 10 11 | 11.5
Fighting       | 1 |  1.8
Shields        | |  0.2

Action                   |  1- 3 |  4- 6 |  7- 9 | 10-12 | 13-15 || total
-------------------------+-------+-------+-------+-------+-------++-------
Melee: Unarmed           |       |       |     1 |       |       ||     1
       Dagger            |       |       |       |    30 |       ||    30
       Staff             |       |       |       |     1 |       ||     1
Throw: Stone             |       |       |       |     1 |       ||     1
 Cast: Flame Tongue      |    73 |    87 |   167 |   306 |   144 ||   777
       Conjure Flame     |     1 |     6 |    11 |    13 |    22 ||    53
       Inner Flame       |       |     3 |     8 |     8 |    25 ||    44
       Sticky Flame      |       |     6 |    22 |    68 |    41 ||   137
       Sandblast         |       |       |     5 |     9 |       ||    14
       Fireball          |       |       |     4 |    95 |   177 ||   276
       Iron Shot         |       |       |       |       |   116 ||   116
       Bolt of Fire      |       |       |       |       |    33 ||    33
  Use: Potion            |       |       |     1 |     1 |     9 ||    11
       Scroll            |       |       |       |    22 |    15 ||    37
 Stab: Sleeping          |       |       |       |     1 |       ||     1
  Eat: Chunk             |     2 |     8 |    12 |    26 |    64 ||   112
       Royal jelly       |       |       |     1 |     5 |     3 ||     9
       Fruit             |       |       |       |     3 |       ||     3
Armor: Robe              |     9 |     4 |     1 |       |       ||    14
       Leather armour    |       |       |    11 |    28 |    42 ||    81
       Skin              |       |       |       |       |     6 ||     6
Dodge: Dodged            |    21 |    22 |    28 |   129 |   108 ||   308
Block: Buckler           |       |       |       |       |     4 ||     4

Table legend:
 A = Spawn XP
 B = Non-spawn XP
 C = Spawn XP percentage of total XP
 D = Spawn monster count
 E = Non-spawn monster count
 F = Spawn count percentage of total count
 G = Total turns spent on level
                    A         B        C        D         E        F      G
               +---------+---------+-------+---------+---------+-------+---------
         Total |       0 |  120947 |   0.0 |       0 |     634 |   0.0 | 30561
               +---------+---------+-------+---------+---------+-------+---------
           D:1 |       0 |      27 |   0.0 |       0 |      14 |   0.0 |   774
           D:2 |       0 |      57 |   0.0 |       0 |      20 |   0.0 |  1037
           D:3 |       0 |     177 |   0.0 |       0 |      28 |   0.0 |  1273
           D:4 |       0 |     283 |   0.0 |       0 |      14 |   0.0 |   833
           D:5 |       0 |     438 |   0.0 |       0 |      14 |   0.0 |  1145
           D:6 |       0 |    1207 |   0.0 |       0 |      23 |   0.0 |  1264
           D:7 |       0 |    2062 |   0.0 |       0 |      33 |   0.0 |  1358
           D:8 |       0 |    4006 |   0.0 |       0 |      29 |   0.0 |  1068
           D:9 |       0 |    1758 |   0.0 |       0 |      20 |   0.0 |  1008
          D:10 |       0 |    6147 |   0.0 |       0 |      53 |   0.0 |  1913
          D:11 |       0 |    3676 |   0.0 |       0 |      25 |   0.0 |   647
        Lair:1 |       0 |    4727 |   0.0 |       0 |      13 |   0.0 |  1807
        Lair:2 |       0 |    5567 |   0.0 |       0 |      25 |   0.0 |  1640
        Lair:3 |       0 |    4580 |   0.0 |       0 |      21 |   0.0 |  1359
        Lair:4 |       0 |    3818 |   0.0 |       0 |      14 |   0.0 |  1085
        Lair:5 |       0 |    2158 |   0.0 |       0 |      10 |   0.0 |  1207
        Lair:6 |       0 |   28011 |   0.0 |       0 |      81 |   0.0 |  3467
       Snake:1 |       0 |   17024 |   0.0 |       0 |      29 |   0.0 |  2799
       Snake:2 |       0 |   16436 |   0.0 |       0 |      38 |   0.0 |  1047
         Orc:1 |       0 |    1439 |   0.0 |       0 |      25 |   0.0 |  1120
         Orc:2 |       0 |   17349 |   0.0 |       0 |     105 |   0.0 |  2710
               +---------+---------+-------+---------+---------+-------+---------
